 Dungeon Crawl Stone Soup version 0.18-a0-33-g9e10395 (webtiles) character file.

8 ReteAZ the Digger (level 2, 0/15 HPs)
             Began as a Gargoyle Earth Elementalist on Nov 5, 2015.
             Slain by a giant gecko (2 damage)
             ... on level 1 of the Dungeon.
             The game lasted 00:04:23 (514 turns).

ReteAZ the Digger (Gargoyle Earth Elementalist)      Turns: 514, Time: 00:04:23

Health: 0/15       AC:  4    Str: 11    XL:     2   Next: 8%
Magic:  5/5        EV: 12    Int: 15    God:
Gold:   25         SH:  0    Dex: 10    Spells: 1 memorised, 4 levels left

rFire  . . .     SeeInvis .     (no weapon)
rCold  . . .     Clarity  .     b - +0 robe
rNeg   + . .     SustAt   .     (no shield)
rPois  ∞         Gourm    .     (no helmet)
rElec  +         Spirit   .     (no cloak)
rCorr  .         Warding  .     (no gloves)
rMut   .         Stasis   .     (no boots)
MR     .....                    i - amulet of faith {Faith, !P}
Stlth  ++........               (no ring)
                                (no ring)

@: not resistant to hostile enchantments, unstealthy
A: negative energy resistance 1, electricity resistance, unbreathing,
petrification resistance, rot immunity, AC +2
a: no special abilities


You were on level 1 of the Dungeon.
You were not hungry.

You visited 1 branch of the dungeon, and saw 1 of its levels.

You collected 25 gold pieces.

Inventory:

Hand Weapons
 e - a +0 dagger
   (You found it on level 1 of the Dungeon)
 h - a +0 dagger
   (You took it off a kobold on level 1 of the Dungeon)
Missiles
 a - 7 stones (quivered)
Armour
 b - a +0 robe (worn)
Jewellery
 i - an amulet of faith (around neck) {Faith, !P}
   (You found it on level 1 of the Dungeon)
Scrolls
 f - a scroll of identify {unknown}
 j - a scroll of recharging {unknown}
Potions
 g - a potion of heal wounds {unknown}
Books
 c - a book of Geomancy
Comestibles
 d - a bread ration {@e1}


   Skills:
 + Level 1.7 Dodging
 + Level 2.3 Stealth
 + Level 2.1 Spellcasting
   Level 0.7 Transmutations
 + Level 3.9 Earth Magic


You had 4 spell levels left.
You knew the following spells:

 Your Spells              Type           Power        Failure   Level  Hunger
a - Sandblast             Erth           ##....       6%          1    #......


Dungeon Overview and Level Annotations

Branches:
Dungeon (1/15)

Altars:


Innate Abilities, Weirdness & Mutations

You are resistant to torment.
Your stone body is resilient (AC +2).
You are immune to poison.
You resist negative energy.
You are resistant to electric shocks.
You can survive without breathing.
You are immune to petrification.
You are immune to rotting.


Message History

You throw a stone. The stone misses the bat.
The bat misses you.
You hit the bat. The bat hits you but does no damage.
You hit the bat but do no damage. The bat hits you but does no damage.
The bat hits you but does no damage.
You miss the bat. The bat hits you but does no damage.
You closely miss the bat. The bat misses you.
Aim: a bat (lava, severely wounded)
You throw a stone.
The stone hits the bat but does no damage.
You hear a sizzling splash.
The bat barely misses you.
You don't know that spell.
You don't know that spell.
You don't know that spell.
You don't know that spell.
You barely miss the bat. The bat closely misses you.
The bat closely misses you.
You miss the bat. The bat barely misses you. The bat barely misses you.
Aim: a bat (moderately wounded)
You throw a stone.
The stone hits the bat but does no damage.
The bat barely misses you.
Aim: a bat (moderately wounded)
You throw a stone.
The stone hits the bat but does no damage.
The bat barely misses you.
Aim: a bat (moderately wounded)
You throw a stone. The stone hits the bat.
You kill the bat!
a - 11 stones (gained 2)
a - 12 stones (gained 1)
You see here a goblin skeleton.
i - a triangular bronze amulet
Found a stone staircase leading down.
You spend a moment contemplating the meaning of existence.
Put on which piece of jewellery? (? for menu, Esc to quit)
You feel a strange surge of divine interest.
i - an amulet of faith (around neck)
j - a scroll labeled HOJ IMEMUMN
Found an escape hatch in the floor.
A rat comes into view.
A rat is nearby!
Aim: a rat (resting)
You throw a stone.
The stone hits the rat but does no damage.
The rat moves out of view.
No target in view!
No target in view!
No target in view!
A giant gecko comes into view.
Aim: a rat You throw a stone.
The stone closely misses the rat.
Aim: a rat You throw a stone.
The stone hits the rat.
Aim: a rat (heavily wounded)
You throw a stone. The stone hits the rat.
You kill the rat!
Aim: a giant gecko (clinging)
You throw a stone. The stone hits the giant gecko.
You closely miss the giant gecko. The giant gecko barely misses you.
You closely miss the giant gecko. The giant gecko closely misses you.
The giant gecko bites you but does no damage.
The giant gecko bites you but does no damage.
The giant gecko bites you but does no damage.
The giant gecko barely misses you. The giant gecko closely misses you.
The giant gecko closely misses you. The giant gecko bites you.
You take 4 damage, and have 11/15 hp.
MASSIVE DAMAGE!!
The giant gecko closely misses you. The giant gecko barely misses you.
The giant gecko bites you but does no damage.
The giant gecko bites you.
You take 1 damage, and have 10/15 hp.
The giant gecko bites you but does no damage.
The giant gecko bites you.
You take 4 damage, and have 6/15 hp.
MASSIVE DAMAGE!!
The giant gecko misses you. The giant gecko barely misses you.
The giant gecko misses you. The giant gecko barely misses you.
The giant gecko barely misses you. The giant gecko closely misses you.
The giant gecko barely misses you. The giant gecko bites you.
* * * LOW HITPOINT WARNING * * *
The giant gecko barely misses you.
The giant gecko bites you but does no damage.
The giant gecko bites you.
* * * LOW HITPOINT WARNING * * *
The giant gecko completely misses you.
The giant gecko bites you but does no damage.
You take 2 damage, and have 4/15 hp.
The giant gecko bites you.
* * * LOW HITPOINT WARNING * * *
The giant gecko barely misses you. The giant gecko bites you.
You die...

####..###...#
###.....###...#
#.........#...#
#.........###.#
#.......### #.#
..###..## #.# .
....#...#####.# .(.
...........##.#####((?..
................@l(...#
..............####>...#
................# ....?
.............##.## ..)#
.............##.. .# ...
................ ..##.#.
...............##......
..........(.....##...#
.....#.....##...(...##


You could see a giant gecko.

Vanquished Creatures
  A goblin (D:1)
  A hobgoblin (D:1)
  A bat (D:1)
  A giant cockroach (D:1)
  A giant newt (D:1)
  3 kobolds (D:1)
  A rat (D:1)
9 creatures vanquished.

Notes
Turn   | Place    | Note
--------------------------------------------------------------
     0 | D:1      | ReteAZ the Gargoyle Earth Elementalist began the quest for the Orb.
     0 | D:1      | Reached XP level 1. HP: 10/10 MP: 3/3
   276 | D:1      | Reached XP level 2. HP: 9/15 MP: 5/5
   510 | D:1      | HP: 3/15 [giant gecko (1)]
   514 | D:1      | Slain by a giant gecko

Vault maps used:
D:1:      minmay_arrival_radiant_lines

Action                   || total
-------------------------++-------
Melee: Unarmed           ||    41
Throw: Stone             ||    17
 Cast: Sandblast         ||     9

Vault maps used:
D:1:      minmay_arrival_radiant_lines

Table legend:
 A = Turns spent in this place as a percentage of turns spent in the entire game.
 B = Non-inter-level travel turns spent in this place as a percentage of non-inter-level travel turns spent in the entire game.
 C = Inter-level travel turns spent in this place as a percentage of turns spent in this place.
 D = Turns resting spent in this place as a percentage of non-inter-level travel turns spent in this place.
 E = Turns spent auto-exploring this place as a percentage of non-inter-level travel turns spent in this place.
 F = Non-inter-level travel turns spent in this place divided by the number of levels of this place that you've seen.
                   A       B       C       D       E      F
               +-------+-------+-------+-------+-------+----------------------
         Total | 100.0 | 100.0 |   0.0 |   3.0 |   3.4 | 266.0
       Dungeon | 100.0 | 100.0 |   0.0 |   3.0 |   3.4 | 266.0
               +-------+-------+-------+-------+-------+----------------------

Table legend:
 A = Kills in this place as a percentage of kills in entire the game.
 B = Kills by you in this place as a percentage of kills by you in the entire game.
 C = Kills by friends in this place as a percentage of kills by friends in the entire game.
 D = Other kills in this place as a percentage of other kills in the entire game.
 E = Experience gained in this place as a percentage of experience gained in the entire game.
 F = Experience gained in this place divided by the number of levels of this place that you have seen.
                   A       B       C       D       E      F
               +-------+-------+-------+-------+-------+----------------------
         Total | 100.0 | 100.0 |  -nan |  -nan | 100.0 |  12.0
       Dungeon | 100.0 | 100.0 |  -nan |  -nan | 100.0 |  12.0
               +-------+-------+-------+-------+-------+----------------------
